% Time on Ice - SAN DIEGO THUNDER
Lines # - Real PCT - Wanted PCT - Time Play
Normal Forward
1 - 32% - 36% - 14:58
2 - 27% - 31% - 12:33
3 - 20% - 23% - 9:18
4 - 20% - 10% - 9:18
Normal Defense
1 - 36% - 38% - 16:24
2 - 30% - 32% - 13:39
3 - 31% - 20% - 14:07
4 - 4% - 10% - 1:57
PP Forward
1 - 44% - 55% - 0:52
2 - 56% - 45% - 1:07
PP Defense
1 - 55% - 55% - 1:05
2 - 45% - 45% - 0:54
PK Forward
1 - 59% - 55% - 7:02
2 - 41% - 45% - 4:52
PK Defense
1 - 49% - 55% - 5:49
2 - 51% - 45% - 6:05
PK3 Forward
1 - 0% - 55%
2 - 0% - 45%
PK3 Defense
1 - 0% - 55%
2 - 0% - 45%
44 Forward
1 - 0% - 55%
2 - 0% - 45%
44 Defense
1 - 0% - 55%
2 - 0% - 45%
Last Minute Offensive  - 0:00
Last Minute Defensive  - 0:00
Total
Forward - 60:00
Defense - 60:00
% Time on Ice - BOISE CARIBOUS
Lines # - Real PCT - Wanted PCT - Time Play
Normal Forward
1 - 32% - 33% - 14:41
2 - 32% - 32% - 14:45
3 - 23% - 25% - 10:27
4 - 14% - 10% - 6:14
Normal Defense
1 - 35% - 36% - 16:11
2 - 36% - 36% - 16:30
3 - 29% - 28% - 13:26
4 - 0% - 0% - 0:00
PP Forward
1 - 51% - 65% - 6:04
2 - 49% - 35% - 5:50
PP Defense
1 - 56% - 60% - 6:41
2 - 44% - 40% - 5:13
PK Forward
1 - 59% - 50% - 1:10
2 - 41% - 50% - 0:49
PK Defense
1 - 48% - 55% - 0:57
2 - 52% - 45% - 1:02
PK3 Forward
1 - 0% - 55%
2 - 0% - 45%
PK3 Defense
1 - 0% - 55%
2 - 0% - 45%
44 Forward
1 - 0% - 55%
2 - 0% - 45%
44 Defense
1 - 0% - 55%
2 - 0% - 45%
Last Minute Offensive  - 0:00
Last Minute Defensive  - 0:00
Total
Forward - 60:00
Defense - 60:00
Play-by-Play 1st period 0:01 of 1st period - Vincent Trocheck wins face-off versus Eetu Luostarinen in neutral zone. 0:40 of 1st period - Shot by Eetu Luostarinen. 0:40 of 1st period - Shot Misses the Net. 1:00 of 1st period - Shot by Artturi Lehkonen. 1:00 of 1st period - Shot Blocked by Erik Cernak. 1:02 of 1st period - Shot by Moritz Seider. 1:02 of 1st period - Stopped by Connor Hellebuyck without a rebound. 1:03 of 1st period - Jean-Gabriel Pageau wins face-off versus Wyatt Johnston in SAN DIEGO THUNDER zone. 1:46 of 1st period - Lawson Crouse is hit by Connor Murphy and loses puck. 2:19 of 1st period - Shot by Matt Duchene. 2:19 of 1st period - Goal by Matt Duchene - SAN DIEGO THUNDER : 0 - BOISE CARIBOUS : 1. 2:20 of 1st period - Jesperi Kotkaniemi wins face-off versus Mark Kastelic in neutral zone. 2:35 of 1st period - Shot by Joel Armia. 2:35 of 1st period - Shot Misses the Net. 3:02 of 1st period - Shot by Kaapo Kakko. 3:02 of 1st period - Stopped by Connor Hellebuyck without a rebound. 3:03 of 1st period - Matt Duchene wins face-off versus Radek Faksa in SAN DIEGO THUNDER zone. 4:20 of 1st period - Shot by Vincent Trocheck. 4:20 of 1st period - Shot Misses the Net. 4:22 of 1st period - Shot by Vincent Trocheck. 4:22 of 1st period - Shot Misses the Net. 4:24 of 1st period - Shot by Vincent Trocheck. 4:24 of 1st period - Shot Misses the Net. 4:26 of 1st period - Shot by Gabriel Vilardi. 4:26 of 1st period - Shot Blocked by Charles McAvoy. 4:54 of 1st period - Rasmus Dahlin is hit by Radek Faksa and loses puck. 6:15 of 1st period - Shot by Artturi Lehkonen. 6:15 of 1st period - Stopped by Connor Hellebuyck without a rebound. 6:16 of 1st period - Vincent Trocheck wins face-off versus Joel Armia in SAN DIEGO THUNDER zone. 6:41 of 1st period - Shot by Tim Stutzle. 6:41 of 1st period - Stopped by Connor Hellebuyck with a rebound. 6:44 of 1st period - Icing by Adam Boqvist. 6:45 of 1st period - Mark Kastelic wins face-off versus Matt Duchene in SAN DIEGO THUNDER zone. 6:52 of 1st period - Shot by Adam Boqvist. 6:52 of 1st period - Shot Misses the Net. 7:27 of 1st period - Shot by Matt Duchene. 7:27 of 1st period - Shot Misses the Net. 7:29 of 1st period - Shot by Artturi Lehkonen. 7:29 of 1st period - Shot Misses the Net. 7:34 of 1st period - Icing by Adam Boqvist. 7:35 of 1st period - Vincent Trocheck wins face-off versus Mark Kastelic in SAN DIEGO THUNDER zone. 8:03 of 1st period - Icing by Joel Armia. 8:04 of 1st period - Mark Kastelic wins face-off versus Jesperi Kotkaniemi in SAN DIEGO THUNDER zone. 8:38 of 1st period - Shot by Phil Kessel. 8:38 of 1st period - Shot Blocked by Erik Cernak. 8:48 of 1st period - Shot by Jesperi Kotkaniemi. 8:48 of 1st period - Shot Misses the Net. 9:03 of 1st period - Artturi Lehkonen is hit by Erik Cernak and loses puck. 9:08 of 1st period - Shot by Artturi Lehkonen. 9:08 of 1st period - Shot Misses the Net. 9:10 of 1st period - Shot by Artturi Lehkonen. 9:10 of 1st period - Shot Misses the Net. 9:12 of 1st period - Shot by Nick Schmaltz. 9:12 of 1st period - Shot Misses the Net. 10:57 of 1st period - Icing by Charles McAvoy. 10:58 of 1st period - Jesperi Kotkaniemi wins face-off versus Radek Faksa in SAN DIEGO THUNDER zone. 11:48 of 1st period - Off-side. 11:49 of 1st period - Matt Duchene wins face-off versus Eetu Luostarinen in neutral zone. 12:16 of 1st period - Shot by Artturi Lehkonen. 12:16 of 1st period - Stopped by Connor Hellebuyck with a rebound. 12:35 of 1st period - Icing by Artturi Lehkonen. 12:36 of 1st period - Radek Faksa wins face-off versus Matt Duchene in BOISE CARIBOUS zone. 12:36 of 1st period - Isac Lundestrom is hit by Rasmus Dahlin and loses puck. 13:04 of 1st period - Shot by Vincent Trocheck. 13:04 of 1st period - Stopped by Connor Hellebuyck without a rebound. 13:05 of 1st period - Jean-Gabriel Pageau wins face-off versus Mark Kastelic in SAN DIEGO THUNDER zone. 13:14 of 1st period - Shot by Lawson Crouse. 13:14 of 1st period - Shot Misses the Net. 13:26 of 1st period - Shot by Lawson Crouse. 13:26 of 1st period - Stopped by Connor Hellebuyck without a rebound. 13:27 of 1st period - Vincent Trocheck wins face-off versus Eetu Luostarinen in SAN DIEGO THUNDER zone. 13:38 of 1st period - Shot by Tim Stutzle. 13:38 of 1st period - Shot Misses the Net. 13:40 of 1st period - Shot by Vincent Trocheck. 13:40 of 1st period - Stopped by Connor Hellebuyck without a rebound. 13:41 of 1st period - Jean-Gabriel Pageau wins face-off versus Radek Faksa in SAN DIEGO THUNDER zone. 15:00 of 1st period - Vincent Trocheck is hit by Derek Forbort and loses puck. 15:07 of 1st period - Shot by Tim Stutzle. 15:07 of 1st period - Shot Blocked by Derek Forbort. 15:37 of 1st period - Dmitri Voronkov is hit by Matt Duchene and loses puck. 15:50 of 1st period - Artturi Lehkonen is hit by Connor Murphy and loses puck. 16:00 of 1st period - Minor Penalty to Connor Murphy for Holding. 16:01 of 1st period - Eetu Luostarinen wins face-off versus Jean-Gabriel Pageau in SAN DIEGO THUNDER zone. 16:07 of 1st period - Icing by Moritz Seider. 16:08 of 1st period - Jean-Gabriel Pageau wins face-off versus Eetu Luostarinen in BOISE CARIBOUS zone. 16:14 of 1st period - Off-side. 16:15 of 1st period - Vincent Trocheck wins face-off versus Eetu Luostarinen in neutral zone. 16:28 of 1st period - Shot by Artturi Lehkonen. 16:28 of 1st period - Stopped by Connor Hellebuyck without a rebound. 16:29 of 1st period - Vincent Trocheck wins face-off versus Joel Farabee in SAN DIEGO THUNDER zone. 17:11 of 1st period - Icing by Vincent Trocheck. 17:12 of 1st period - Dmitri Voronkov wins face-off versus Vincent Trocheck in BOISE CARIBOUS zone. 17:24 of 1st period - Icing by Vincent Trocheck. 17:25 of 1st period - Vincent Trocheck wins face-off versus Joel Farabee in BOISE CARIBOUS zone. 18:20 of 1st period - Shot by Joel Armia. 18:20 of 1st period - Shot Misses the Net. 18:22 of 1st period - Shot by Joel Armia. 18:22 of 1st period - Stopped by Ilya Sorokin without a rebound. 18:23 of 1st period - Jean-Gabriel Pageau wins face-off versus Eetu Luostarinen in BOISE CARIBOUS zone. 18:31 of 1st period - Shot by Charlie Coyle. 18:31 of 1st period - Stopped by Connor Hellebuyck without a rebound. 18:32 of 1st period - Jean-Gabriel Pageau wins face-off versus Eetu Luostarinen in SAN DIEGO THUNDER zone. 18:33 of 1st period - Shot by Lawson Crouse. 18:33 of 1st period - Shot Misses the Net. 18:35 of 1st period - Shot by Lawson Crouse. 18:35 of 1st period - Shot Blocked by Erik Cernak. 18:54 of 1st period - Icing by Marcus Pettersson. 18:55 of 1st period - Wyatt Johnston wins face-off versus Jean-Gabriel Pageau in BOISE CARIBOUS zone. Goals for this period are 0 for SAN DIEGO THUNDER vs 1 for BOISE CARIBOUS. Shots for this period are 1 for SAN DIEGO THUNDER vs 11 for BOISE CARIBOUS. 2nd period 0:01 of 2nd period - Matt Duchene wins face-off versus Joel Farabee in neutral zone. 0:14 of 2nd period - Shot by Artturi Lehkonen. 0:14 of 2nd period - Stopped by Connor Hellebuyck with a rebound. 0:38 of 2nd period - Icing by Erik Cernak. 0:39 of 2nd period - Vincent Trocheck wins face-off versus Eetu Luostarinen in SAN DIEGO THUNDER zone. 1:13 of 2nd period - Icing by Dylan DeMelo. 1:14 of 2nd period - Radek Faksa wins face-off versus Vincent Trocheck in BOISE CARIBOUS zone. 1:55 of 2nd period - Shot by Matt Duchene. 1:55 of 2nd period - Shot Misses the Net. 2:12 of 2nd period - Icing by Rasmus Dahlin. 2:13 of 2nd period - Matt Duchene wins face-off versus Eetu Luostarinen in BOISE CARIBOUS zone. 2:13 of 2nd period - Matt Duchene is hit by Connor Murphy. 2:35 of 2nd period - Shot by Nick Schmaltz. 2:35 of 2nd period - Stopped by Connor Hellebuyck with a rebound. 2:38 of 2nd period - Icing by Drake Batherson. 2:39 of 2nd period - Jean-Gabriel Pageau wins face-off versus Eetu Luostarinen in SAN DIEGO THUNDER zone. 3:09 of 2nd period - Icing by Mar